 Dungeon Crawl Stone Soup version 0.25.1-2-g60ff931df9 (webtiles) character file.

Game seed: 3709229208614985372

116 H0rd4k the Insei (level 5, 0/33 HPs)
             Began as an Octopode Transmuter on Aug 3, 2020.
             Succumbed to an adder's poison
             ... on level 2 of the Dungeon.
             The game lasted 00:01:46 (2524 turns).

H0rd4k the Insei (Octopode Transmuter)              Turns: 2524, Time: 00:01:47

Health: 0/33       AC:  1    Str:  9    XL:     5   Next: 0%
Magic:  7/8        EV: 13    Int: 22    God:
Gold:   95         SH:  0    Dex: 13    Spells: 8/9 levels left

rFire    . . .     SeeInvis .     - Unarmed
rCold    . . .     Gourm    .   (no shield)
rNeg     . . .     Faith    .   (helmet restricted)
rPois    .         Spirit   .   (no amulet)
rElec    .         Reflect  .   l - +6 ring of intelligence
rCorr    .         Harm     .   (no ring)
MR       .....                  (no ring)
Stlth    +++.......             (no ring)
HPRegen  0.11/turn              (no ring)
MPRegen  0.11/turn              (no ring)
                                (no ring)
                                (no ring)

@: lethally poisoned (0 -> -3), appendage (expiring)
A: almost no armour, stealthy swim, amphibious, 8 rings, constrict 8, tentacle
spike 3, camouflage 1, gelatinous body 1
a: End Transformation


You were on level 2 of the Dungeon.
You were not hungry.
One of your tentacles had a temporary spike.
You visited 1 branch of the dungeon, and saw 3 of its levels.

You collected 95 gold pieces.

Inventory:

Missiles
 a - 12 arrows
Jewellery
 l - a +6 ring of intelligence (left tentacle)
Scrolls
 b - a scroll of remove curse {unknown}
 e - a scroll of random uselessness {unknown}
 g - 4 scrolls of enchant weapon {unknown}
 k - a scroll of magic mapping {unknown}
 m - a scroll of identify {unknown}
Potions
 d - a potion of heal wounds {unknown}
 f - a potion of cancellation {unknown}
 h - a potion of brilliance {unknown}
 i - a potion of invisibility {unknown}
 j - a potion of curing {unknown}
Comestibles
 c - 2 rations


   Skills:
 + Level 1.1 Fighting
 + Level 2.3 Dodging
 + Level 2.4 Stealth
 + Level 4.2 Unarmed Combat
 * Level 2.6 Spellcasting
 * Level 2.4 Transmutations


You had 8 spell levels left.
You knew the following spells:

 Your Spells              Type           Power        Failure   Level  Hunger
a - Beastly Appendage     Tmut           ##....       4%          1    None

Your spell library contained the following spells:

 Spells                   Type           Power        Failure   Level  Hunger
 Sticks to Snakes         Tmut           ##......     7%          2    ##.....
 Spider Form              Tmut/Pois      #.........   24%         3    ###....
 Ice Form                 Ice/Tmut       #.......     61%         4    ####...
 Blade Hands              Tmut           ##........   78%         5    ######.


Dungeon Overview and Level Annotations

Branches:
Dungeon (3/15)

Altars:


Innate Abilities, Weirdness & Mutations

You cannot wear most types of armour.
You are very stealthy in the water. (Stealth+)
You are amphibious.
You can wear up to eight rings at the same time.
You can use your tentacles to constrict eight enemies at once.
Your skin changes colour to match your surroundings (Stealth+).
Your rubbery body absorbs attacks. (AC +1, EV +1)
One of your tentacles bears a large vicious spike.


Message History

You kill the adder!
You have reached level 5!
You feel agile. The bat misses you. The gnoll misses you.
The bat closely misses you.
You feel sick. The bat closely misses you. The bat hits you but does no damage.
The bat hits you. The bat closely misses you.
You feel sick. The bat closely misses you. The bat misses you.
The bat hits you.
* * * LOW HITPOINT WARNING * * *
Your transformation is almost over.
You feel sick. The bat hits you but does no damage. The bat hits you.
* * * LOW HITPOINT WARNING * * *
The bat barely misses you.
There is a stone staircase leading up here.
The bat closely misses you. The bat barely misses you.
The gnoll hits you from afar with a +0 spear.
* * * LOW HITPOINT WARNING * * *
You climb upwards.
You die...

..## #.# #......#
#..########## #.#
#.# ######.#
#..########## #.#
#.# #<#
##...........^ #.#
#.# #.#
#...########## #.#
#.# #.# #.### ..#
#.# #.# #.# ###
#.####### #.# #.#
#.......# #.# #.#
#######.# #@# #.#
#.# #.#
#.############
############.###.#
#............#
#............#...#
############.#
#.####.#####.#.###
#.# #.# #.# ##.#.#
#.# #.# #.#
##....## #.# #.#
#.###.#..>.### #.#
#.# #............#
#.#


There were no monsters in sight!

Vanquished Creatures
  A hound (D:3)
  A worker ant (D:3)
  2 adders (D:3)
  A worm (D:2)
  A leopard gecko (D:2)
  A ball python (D:1)
  8 bats
  A giant cockroach (D:1)
  5 goblins (D:1)
  8 hobgoblins
  A frilled lizard (D:2)
  4 kobolds
  7 rats
  A plant (D:1)
42 creatures vanquished.

Notes
Turn   | Place    | Note
-------+----------+-------------------------------------------
     0 | D:1      | H0rd4k the Octopode Transmuter began the quest for the Orb.
     0 | D:1      | Reached XP level 1. HP: 13/13 MP: 3/3
   197 | D:1      | Reached XP level 2. HP: 17/18 MP: 5/5
   730 | D:1      | Reached XP level 3. HP: 17/23 MP: 6/6
  1604 | D:2      | Reached skill level 1 in Stealth
  2109 | D:3      | Reached XP level 4. HP: 19/28 MP: 5/7
  2237 | D:3      | Reached skill level 4 in Unarmed Combat
  2515 | D:3      | Reached XP level 5. HP: 12/33 MP: 6/8
  2523 | D:3      | HP: 1/33 [gnoll/+0 spear (6)]
  2524 | D:2      | Succumbed to an adder's poison

Illustrated notes

Levels and vault maps discovered:
D:1:      roderic_crop_circles_arrival_small, layout_basic,
          chequers_serial_rivers_micro_b, st_stairs_6
D:2:      layout_loops_ring, first_ration, kennysheep_generic_room_12
D:3:      layout_basic, uniq_jessica

Skill      XL: |  1  2  3  4 |
---------------+-------------+-----
Stealth        | 2 |  2.4
Unarmed Combat | 4 |  4.2
Fighting       | |  1.1
Dodging        | |  2.3
Spellcasting   | |  2.6
Transmutations | |  2.4

Action                   |  1- 3 |  4- 6 || total
-------------------------+-------+-------++-------
Melee: Unarmed           |    91 |    10 ||   101
       Constrict         |    25 |     3 ||    28
       Tentacles         |    11 |     3 ||    14
       Punch             |     3 |       ||     3
       Kick              |     4 |     3 ||     7
 Cast: Beastly Appendage |     2 |     3 ||     5
 Stab: Sleeping          |     9 |     1 ||    10
  Eat: Chunk             |     3 |     2 ||     5
Armor: Skin              |     8 |     6 ||    14
Dodge: Dodged            |    67 |    30 ||    97
